AoeStats
← deer lu

Arena

505174702Analyzed
2v2 RM · 25d ago on Sep 8, 2026· 41m 11s· 4 players
Game mode
Random Map
Map size
Medium (4 player)
Population
200
Speed
Normal
Resources
Standard
Victory
Conquest
Starting age
Dark Age
Ending age
Imperial Age
RankedLock teamsTeams togetherTeam positionsShared explorationLock speedFull tech treeHidden civsTurbo modeCheats
Victory
Defeat
🇲🇽 Portuguese · Mexico
857
+3
🇲🇽 Huns · Mexico
386
+16
🇦🇺 Britons · Australia
569
-14
🇨🇳 Huns · China
292
-5
Vatiking
6:00 Loom
9:43 Feudal Age
11:02 Wheelbarrow
10:27 Double-Bit Axe
10:25 Horse Collar
18:28 Castle Age
19:39 Hand Cart
20:38 Crossbowman
26:01 Heavy Plow
26:41 Bow Saw
28:25 Gold Mining
28:40 Pikeman
30:24 Gold Shaft Mining
29:41 Stone Mining
34:18 Imperial Age
32:44 Fletching
32:54 Padded Archer Armor
33:54 Yeomen
35:13 Treadmill Crane
35:14 Arbalester
37:03 Two-Man Saw
36:22 Masonry
37:50 Leather Archer Armor
37:31 Bodkin Arrow
38:24 Halberdier
40:10 Fortified Wall
deer lu
11:15 Feudal Age
10:05 Loom
11:50 Horse Collar
11:58 Double-Bit Axe
12:07 Gold Mining
12:07 Stone Mining
14:16 Wheelbarrow
15:47 Stone Mining
GenaroCazador
11:11 Feudal Age
16:13 Castle Age
14:26 Stone Mining
15:54 Double-Bit Axe
16:09 Gold Mining
16:06 Double-Bit Axe
22:58 Horse Collar
24:56 Bow Saw
26:25 Heavy Plow
27:30 Stone Shaft Mining
33:38 Caravan
34:08 Coinage
ThitherMender12
11:55 Feudal Age
10:25 Loom
17:16 Horse Collar
17:24 Double-Bit Axe
21:47 Castle Age
23:18 Bow Saw
23:13 Heavy Plow
35:49 Imperial Age
35:55 Imperial Age
34:02 Wheelbarrow
33:13 Town Watch
36:04 Cavalier
37:01 Pikeman
Connection lost

Rejoining the realm…

Still unreachable

The connection could not be restored.

Session expired

The server has moved on; the page needs a fresh start.